 Dungeon Crawl Stone Soup version 0.19.1 (webtiles) character file.

1642 SQman the Digger (level 8, 0/46 HPs)
             Began as a Gargoyle Earth Elementalist on Dec 4, 2016.
             Was a Believer of Nemelex Xobeh.
             Slain by an orc warrior
             ... wielding a +0 flail
              (15 damage)
             ... on level 6 of the Dungeon.
             The game lasted 00:58:05 (3743 turns).

SQman the Digger (Gargoyle Earth Elementalist)      Turns: 3743, Time: 00:58:06

Health: 0/46       AC:  9    Str: 13    XL:     8   Next: 99%
Magic:  9/16       EV: 16    Int: 16    God:    Nemelex Xobeh [**....]
Gold:   122        SH:  4    Dex: 13    Spells: 4 memorised, 7 levels left

rFire  . . .     SeeInvis .     q - +4 mace
rCold  . . .     Gourm    .     c - +1 robe
rNeg   + . .     Faith    .     (no shield)
rPois  ∞         Spirit   .     (no helmet)
rElec  +         Reflect  .     p - +0 cloak
rCorr  .         Harm     .     (no gloves)
MR     .....                    (no boots)
Stlth  ++........               (no amulet)
                                (no ring)
                                u - +3 ring of evasion

@: no status effects
A: large bone plates 1, agile 1, blink, negative energy resistance 1, screaming
1, electricity resistance, unbreathing, evolution 1, petrification resistance,
rot immunity, MP-powered wands, AC +5
a: Blink, Renounce Religion


You were on level 6 of the Dungeon.
You worshipped Nemelex Xobeh.
Nemelex Xobeh was pleased with you.
You were not hungry.

You visited 2 branches of the dungeon, and saw 7 of its levels.
You also visited: Sewer.

You collected 122 gold pieces.

Inventory:

Hand Weapons
 a - a +0 blowgun
 f - a +0 club
 l - a +0 hand axe
 m - a +0 scythe
 n - a +0 club
 o - a +4 quarterstaff of chaos
 q - a +4 mace (weapon)
 s - a +0 hunting sling
 v - a +0 hand crossbow
Missiles
 b - 100 stones (quivered)
 w - 58 bolts
Armour
 c - a +1 robe (worn)
 p - a +0 cloak (worn)
 r - a cursed +0 leather armour
 t - a +0 robe
Jewellery
 u - a +3 ring of evasion (left hand)
Wands
 i - a wand of random effects (9/48)
 x - a wand of random effects (30/48)
 y - a wand of iceblast (4/15)
Scrolls
 d - 2 scrolls of teleportation
 g - 2 scrolls of random uselessness
Potions
 z - 2 potions of heal wounds
Books
 e - a book of Geomancy

   Spells                             Type                      Level
   a - Sandblast                      Earth                        1
   b - Passwall                       Transmutation/Earth          2
   c - Stone Arrow                    Conjuration/Earth            3
   d - Petrify                        Transmutation/Earth          4
   e - Lee's Rapid Deconstruction     Earth                        5
Miscellaneous
 B - a plain deck of summoning {drawn: 1}
Comestibles
 h - 4 meat rations
 j - 6 fruits
 k - 2 bread rations
 A - a chunk of flesh


   Skills:
 + Level 3.3 Fighting
 + Level 0.1(2.8) Axes
 + Level 5.2 Maces & Flails
 + Level 3.1 Dodging
 + Level 3.5 Stealth
 + Level 0.6 Unarmed Combat
 + Level 5.6 Spellcasting
 + Level 0.9 Conjurations
 + Level 0.7 Transmutations
 + Level 6.9 Earth Magic
 + Level 1.4 Invocations
 + Level 0.6 Evocations


You had 7 spell levels left.
You knew the following spells:

 Your Spells              Type           Power        Failure   Level  Hunger
a - Sandblast             Erth           ####..       1%          1    None
b - Passwall              Tmut/Erth      ###.......   6%          2    #......
c - Stone Arrow           Conj/Erth      ###...       12%         3    ###....
d - Lee's Rapid Deconstr  Erth           ####......   28%         5    ######.


Dungeon Overview and Level Annotations

Branches:
Dungeon (6/15)             Temple (1/1) D:5

Altars:
Ashenzari
Cheibriados
Dithmenos
Elyvilon
Fedhas
Gozag
Kikubaaqudgha
Makhleb
Nemelex Xobeh
Okawaru
Qazlal
Ru
Sif Muna
Trog
Vehumet
Xom
Yredelemnul
Zin
The Shining One

Shops:
D:4 (


Innate Abilities, Weirdness & Mutations

You are resistant to torment.
Your stone body is resilient. (AC +5)
You are immune to poison.
You resist negative energy. (rN+)
You are resistant to electric shocks. (rElec)
You can survive without breathing.
You are immune to petrification.
You are immune to rotting.
You are partially covered in large bone plates. (SH +4)
You are agile. (Dex +2)
You can translocate small distances at will.
You occasionally shout uncontrollably at your foes.
You evolve.
You expend magic power (3 MP) to strengthen your wands.


Message History

The orc warrior barely misses you.
You barely miss the orc warrior.
The orc warrior is lightly wounded.
The orc warrior hits you with a flail! You block the orc's attack.
The orc priest mumbles some strange prayers to Beogh against you.
Beogh smites you!
Casting: Stone Arrow
Confirm with . or Enter, or press ? or * to list all spells.
Aiming: Sandblast
Press: ? - help, Shift-Dir - straight line, f/p - orc warrior
Aim: an orc warrior, wielding a flail and wearing a chain mail (lightly wounded)
The blast of sand misses the orc warrior.
The orc hits you with a falchion. The orc warrior completely misses you.
You barely miss the orc. The orc hits you with a falchion.
You closely miss the orc.
The orc priest calls upon Beogh to heal the orc warrior.
The orc warrior's wounds heal themselves!
The orc warrior hits you with a flail!
You die...
Your body glows slightly and disappears.

########...
########........... ..
#.....#.....<.....# .# #
#................# #.#.# #
#................###..#.#..
#..........................
#..............##.........#
#................oo..)((..#
#.........[.....@o.......#
#....÷.........###..)....#
######.........# #=......#
#.........# #........#
#.........# #######?..
##.......## .. ##.....## .
#######


You could see an orc warrior, an orc priest and an orc.

Vanquished Creatures
  Sigmund (D:2)
  The ghost of tscho the Changer, an amateur VSTm of Cheibriados (D:4)
  A water moccasin (D:5)
  A phantom (D:4)
  2 ogres
  A big kobold (Sewer)
  2 howler monkeys
  A bullfrog zombie (D:5)
  A jelly (D:3)
  Crazy Yiuf (D:2)
  A hound (D:5)
  2 bullfrog skeletons
  2 orc priests (D:5)
  5 orc wizards
  2 iguanas
  Ijyb (D:2)
  6 worker ants
  5 adders
  3 river rats (Sewer)
  2 oozes
  An adder skeleton (D:4)
  2 worms
  2 dart slugs
  3 leopard geckos
  21 orcs
  3 ball pythons
  6 giant cockroaches
  2 goblins
  2 hobgoblins (D:1)
  7 jackals
  3 quokkas
  12 bats
  A frilled lizard (D:4)
  9 kobolds
  A leopard gecko skeleton (D:5)
  7 rats
123 creatures vanquished.

Vanquished Creatures (collateral kills)
  A centaur zombie (D:5)
  A dart slug (D:1)
  A bat (D:1)
  A hobgoblin (D:1)
4 creatures vanquished.

Vanquished Creatures (others)
  2 orcs
2 creatures vanquished.

Grand Total: 129 creatures vanquished

Notes
Turn   | Place    | Note
-------+----------+-------------------------------------------
     0 | D:1      | SQman the Gargoyle Earth Elementalist began the quest for the Orb.
     0 | D:1      | Reached XP level 1. HP: 10/10 MP: 3/3
   179 | D:1      | Found a sparkling altar of Nemelex Xobeh.
   189 | D:1      | Became a worshipper of Nemelex Xobeh the Trickster
   205 | D:1      | Received a gift from Nemelex Xobeh
   232 | D:1      | Reached XP level 2. HP: 3/15 MP: 1/5
   234 | D:1      | Reached skill level 4 in Earth Magic
   238 | D:1      | Gained mutation: You can translocate small distances at will. [potion of mutation]
   238 | D:1      | Gained mutation: You expend magic power (3 MP) to strengthen your wands. [potion of mutation]
   238 | D:1      | Gained mutation: You evolve. [potion of mutation]
   403 | D:1      | Gained mutation: You are agile. (Dex +2) [potion of beneficial mutation]
   661 | D:2      | Found a faded altar of an unknown god.
   661 | D:2      | Noticed Ijyb
   671 | D:2      | Killed Ijyb
   671 | D:2      | Reached XP level 3. HP: 15/19 MP: 2/6
   718 | D:2      | Learned a level 2 spell: Passwall
   722 | D:2      | Learned a level 3 spell: Stone Arrow
   787 | D:2      | Found a runed door.
   791 | D:2      | Noticed Crazy Yiuf
   796 | D:2      | Killed Crazy Yiuf
   796 | D:2      | Reached XP level 4. HP: 24/24 MP: 5/8
   886 | D:2      | Found a basalt altar of Yredelemnul.
  1150 | D:2      | Reached * piety under Nemelex Xobeh
  1152 | D:2      | Noticed Sigmund
  1159 | D:2      | Killed Sigmund
  1159 | D:2      | Reached skill level 1 in Maces & Flails
  1159 | D:2      | Reached skill level 5 in Earth Magic
  1159 | D:2      | Reached skill level 1 in Invocations
  1159 | D:2      | Reached XP level 5. HP: 18/28 MP: 1/10
  1159 | D:2      | Reached XP level 6. HP: 21/33 MP: 1/11
  1244 | D:2      | Learned a level 5 spell: Lee's Rapid Deconstruction
  1295 | D:3      | Found a glowing drain.
  1365 | D:3      | Gained mutation: You are partially covered in large bone plates. (SH +4) [potion of mutation]
  1365 | D:3      | Gained mutation: You occasionally shout uncontrollably at your foes. [potion of mutation]
  1527 | D:3      | Reached skill level 1 in Fighting
  1777 | Sewer    | Entered a sewer
  1854 | Sewer    | Reached XP level 7. HP: 38/38 MP: 0/13
  1919 | Sewer    | Found a glowing silver altar of Zin.
  2042 | D:4      | Noticed tscho's ghost (amateur VSTm)
  2067 | D:4      | Killed tscho's ghost
  2172 | D:4      | Reached skill level 6 in Earth Magic
  2304 | D:4      | Reached XP level 8. HP: 36/44 MP: 7/15
  2579 | D:4      | Found Mukluno's Weapon Shoppe.
  2616 | D:4      | Reached skill level 5 in Spellcasting
  2673 | D:5      | Entered Level 5 of the Dungeon
  2895 | D:5      | Reached ** piety under Nemelex Xobeh
  3200 | D:5      | Found a sacrificial altar of Ru.
  3273 | D:5      | Found a staircase to the Ecumenical Temple.
  3283 | Temple   | Entered the Ecumenical Temple
  3285 | Temple   | Received a gift from Nemelex Xobeh
  3667 | D:6      | Reached skill level 5 in Maces & Flails
  3743 | D:6      | Slain by an orc warrior

Skill      XL: |  1  2  3  4  5  6  7  8 |
---------------+-------------------------+-----
Earth Magic    | 4 5 6 |  6.9
Spellcasting   | 3 4 5 |  5.6
Maces & Flails | 1 2 5 |  5.2
Invocations    | 1 |  1.4
Fighting       | 1 2 3 |  3.3
Dodging        | 2 3 |  3.1
Stealth        | 3 |  3.5
Axes           | |  0.1
Unarmed Combat | |  0.6
Conjurations   | |  0.9
Transmutations | |  0.7
Evocations     | |  0.6

Action                   |  1- 3 |  4- 6 |  7- 9 || total
-------------------------+-------+-------+-------++-------
Melee: Unarmed           |    45 |       |       ||    45
       Club              |    18 |       |       ||    18
       Hand axe          |    14 |       |       ||    14
       Mace              |       |    68 |   235 ||   303
 Fire: Hand crossbow     |       |       |     1 ||     1
Throw: Stone             |       |       |     2 ||     2
 Cast: Sandblast         |    23 |    41 |    46 ||   110
       Stone Arrow       |       |     7 |    14 ||    21
       Passwall          |       |     1 |       ||     1
Evoke: Deck              |     9 |     4 |     1 ||    14
       Wand              |     1 |     4 |     3 ||     8
  Use: Potion            |     4 |     4 |     5 ||    13
       Scroll            |     6 |     6 |     6 ||    18
 Stab: Sleeping          |       |     2 |     1 ||     3
       Distracted        |       |     1 |       ||     1
  Eat: Bread ration      |       |     1 |     1 ||     2
       Fruit             |       |       |     4 ||     4
       Chunk             |       |       |     2 ||     2
       Pizza             |       |       |     1 ||     1
Armor: Robe              |    18 |    28 |    71 ||   117
Dodge: Dodged            |    47 |    57 |   191 ||   295
Block: Other             |       |     8 |    41 ||    49
